Map: Jagannatha LE

Players

MCanning

  • Race: Protoss Protoss

Asuna - Winner!

  • Race: Protoss Protoss

VOD

Have the link to the VOD?

Description

Time

  • Played on: Oct. 9, 2021, 3:47 p.m.
  • Length: 5:52
Show
View Real Time Build Order
Export as new Build Order

MCanning Protoss 

Build Orders:  

Get SALT Encoding   

  12  0:00  Probe  
  13  0:12  Probe  
  14  0:17  Pylon  
  14  0:24  Probe  
  15  0:35  Gateway  
  15  0:37  Probe (Chrono Boost)  
  16  0:47  Assimilator, Probe (Chrono Boost)  
  17  0:52  Probe (Chrono Boost)  
  17  0:56  Assimilator  
  19  1:10  Gateway  
  18  1:24  Cybernetics Core  
  18  1:31  Pylon  
  18  1:32  Zealot  
  20  1:35  Probe  
  21  1:45  Pylon  
  21  1:47  Probe  
  22  1:59  Stalker (Chrono Boost)  
  23  2:05  Warp Gate (Chrono Boost)  
  23  2:08  Shield Battery  
  24  2:12  Probe  
  25  2:21  Stalker  
  27  2:29  Stalker  
  29  2:34  Probe  
  30  2:46  Probe  
  31  2:51  Stalker  
  33  3:01  Stalker  
  33  3:05  Shield Battery  
  35  3:14  Shield Battery  
  35  3:29  Stalker  
  35  3:33  Pylon  
  37  3:36  Pylon  
  37  3:49  Stalker, Pylon  
  39  4:04  Shield Battery  
  35  4:11  Adept  
  37  4:18  Shield Battery  
  37  4:19  Adept  
  39  4:32  Stalker  
  39  4:33  Stalker  
  41  4:42  Shield Battery  
  41  4:43  Probe  
  40  4:57  Stalker  
  40  5:05  Stalker  
  38  5:10  Shield Battery  
  32  5:22  Stalker  
  34  5:30  Stalker  
Show
View Real Time Build Order
Export as new Build Order

Asuna Protoss - Winner!

Build Orders: Proxy Void Ray 

Get SALT Encoding   

  12  0:00  Probe  
  13  0:12  Probe  
  14  0:24  Probe, Pylon  
  15  0:42  Gateway, Probe (Chrono Boost)  
  16  0:52  Assimilator, Probe (Chrono Boost)  
  17  0:57  Probe (Chrono Boost)  
  17  1:00  Assimilator  
  18  1:08  Probe  
  18  1:10  Pylon  
  19  1:21  Probe  
  20  1:29  Cybernetics Core  
  20  1:31  Zealot  
  22  1:34  Probe  
  23  1:41  Pylon  
  23  1:51  Probe  
  24  2:03  Probe  
  24  2:05  Stargate  
  25  2:11  Stalker  
  27  2:19  Shield Battery  
  27  2:26  Shield Battery  
  27  2:33  Shield Battery  
  27  2:40  Void Ray (Chrono Boost)  
  31  2:55  Shield Battery  
  31  3:07  Pylon  
  30  3:16  Void Ray (Chrono Boost)  
  30  3:21  Pylon  
  32  3:44  Shield Battery  
  32  3:45  Void Ray (Chrono Boost), Shield Battery  
  36  4:14  Robotics Facility  
  36  4:19  Void Ray (Chrono Boost)  
  38  4:32  Shield Battery  
  38  4:44  Pylon  
  34  4:59  Void Ray (Chrono Boost)  
Tags
 
Add a new tag
Caveats
  • Supply blocks, unpowered buildings, or Contaminate may cause inaccurate times.
  • Supply counts are checked every 10 seconds.